 Dungeon Crawl Stone Soup version 0.30.1-9-gdf580d7c3d (webtiles) character file.

Game seed: 7604412515137273558

1561 Patattack the Cutter (level 8, -2/78 HPs)
             Began as a Troll Wanderer on Oct 6, 2023.
             Was an Initiate of Fedhas.
             Killed from afar by a steam dragon (18 damage)
             ... with a ball of steam
             ... on level 6 of the Dungeon on Oct 9, 2023.
             The game lasted 00:47:00 (4624 turns).

Patattack the Cutter (Troll Wanderer)               Turns: 4624, Time: 00:47:04

Health: -2/78      AC:  4    Str: 26    XL:     8   Next: 58%
Magic:  7/7        EV: 10    Int:  4    God:    Fedhas [......]
Gold:   292        SH:  0    Dex: 10    Spells: 7/7 levels left

rFire   . . .        H - +2 battleaxe (elec)
rCold   . . .        (shield currently unavailable)
rNeg    . . .        d - +0 robe
rPois   .            (helmet restricted)
rElec   .            (no cloak)
rCorr   .            (gloves unavailable)
SInv    .            (boots unavailable)
Will    .....        (no amulet)
Stlth   +            k - +4 ring of slaying
HPRegen 1.93/turn    (no ring)
MPRegen 0.10/turn

%: random rage (3%)
@: about to teleport, on berserk cooldown, slowed, very slow
A: large, unfitting armour, claws 3, regeneration 2, shaggy fur 1, tough skin 1,
berserk 1
a: Renounce Religion


You were on level 6 of the Dungeon.
You worshipped Fedhas.
Fedhas was noncommittal.
You visited 1 branch of the dungeon, and saw 6 of its levels.

You collected 292 gold pieces.

Inventory:

Hand Weapons
 a - a +3 short sword
 b - a +0 sling
 e - a +0 spear
 m - a +2 quarterstaff of chaos
 o - a +0 hammer
 p - a +0 scythe
 v - a +0 trident
 H - a +2 battleaxe of electrocution (weapon)
Missiles
 C - 4 boomerangs (quivered)
Armour
 d - a +0 robe (worn)
 i - a +0 scale mail
 j - a +0 scale mail
 r - a +0 robe
 A - a +0 leather armour
 G - a +2 pair of boots of flying
Jewellery
 k - a +4 ring of slaying (left claw)
 y - an amulet of magic regeneration
Wands
 q - a wand of mindburst (17)
 I - a wand of roots (15)
 K - a wand of polymorph (8)
Scrolls
 c - a scroll of teleportation
 h - 2 scrolls of vulnerability
 l - 2 scrolls of enchant armour {unknown}
 s - 2 scrolls of blinking {unknown}
 t - a scroll of fog {unknown}
 w - a scroll of brand weapon {unknown}
 x - a scroll of enchant weapon {unknown}
 z - 3 scrolls of magic mapping
 B - a scroll of butterflies {unknown}
 E - a scroll of silence {unknown}
 F - a scroll of torment {unknown}
Potions
 f - 3 potions of mutation
 g - a potion of lignification {unknown}
 n - 3 potions of flight {unknown}
 u - 2 potions of might {unknown}
 D - 2 potions of curing {unknown}
 J - a potion of resistance {unknown}


   Skills:
 + Level 4.2 Fighting
 + Level 4.8 Short Blades
 + Level 2.2(2.7) Axes
 + Level 2.1(4.0) Polearms
 + Level 4.5(4.8) Staves
 + Level 1.7 Ranged Weapons
 + Level 3.9 Dodging
 + Level 1.2 Stealth


You had 7 spell levels left.
You didn't know any spells.
Your spell library contained the following spells:

 Spells                   Type           Power      Damage    Failure   Level
 Freeze                   Ice            0%         1d3       50%         1
 Frozen Ramparts          Ice            0%         1d1       86%         3
 Hailstorm                Conj/Ice       0%         3d3       86%         3


Dungeon Overview and Level Annotations

Branches:
Dungeon (6/15)
 Temple: D:4-7

Altars:
Fedhas
Sif Muna
Vehumet
Xom


Innate Abilities, Weirdness & Mutations

You are too large for most types of armour.
You have claws for hands.
You heal very quickly.
You are covered in fur. (AC +1)
You have tough skin. (AC +1)
You sometimes lose your temper in combat.


Message History

The steam dragon barely misses you. The steam dragon claws you.
You closely miss the steam dragon.
You are engulfed in a cloud of scalding steam.
The steam dragon bites you but does no damage.
The steam dragon claws you. The steam dragon bites you.
The steam dragon barely misses you.
The steam dragon bites you but does no damage.
The steam dragon claws you.
You closely miss the steam dragon. The steam dragon bites you.
The steam dragon claws you. The steam dragon breathes steam at you.
The ball of steam hits you!!
You hit the steam dragon but do no damage.
The steam dragon bites you but does no damage.
The steam dragon claws you. The steam dragon bites you.
The steam dragon claws you but does no damage.
You slash the steam dragon!
The steam dragon is heavily wounded.
The steam dragon barely misses you. The steam dragon claws you.
The steam dragon bites you!
* * * LOW HITPOINT WARNING * * *
The steam dragon barely misses you. The steam dragon bites you.
* * * LOW HITPOINT WARNING * * *
The steam dragon claws you.
* * * LOW HITPOINT WARNING * * *
You slash the steam dragon!
The steam dragon is almost dead.
You hear the rusting of a drain very nearby.
The steam dragon bites you!
* * * LOW HITPOINT WARNING * * *
The steam dragon claws you.
* * * LOW HITPOINT WARNING * * *
The steam dragon barely misses you.
The steam dragon claws you but does no damage.
As you read the scroll of teleportation, it crumbles to dust.
You feel strangely unstable. The steam dragon breathes steam at you.
The ball of steam hits you!!
You die...
Fedhas appreciates your contribution to the ecosystem.

## ##..... ### #..#..
##.###....
########...#....### .
#....#............#..
#.......#.........
##......##........
#...#.#.)@D...... .###
#.....)..##...... ....#
#..#.#)...# .....
.......#.####...........
.......#.##.............
.......#.###.........###
.!....g#.# #.........#~
#....gg#.# ..........#
......#.#)..........+


You could see a steam dragon (catching breath).

Vanquished Creatures
  Sigmund (D:2)
  An orc warrior (D:5)
  2 black bears
  2 ogres (D:5)
  A phantom (D:5)
  Blork the orc (D:5)
  A gnoll sergeant (D:3)
  A scorpion (D:4)
  A sleepcap (D:4)
  Crazy Yiuf (D:2)
  2 hounds
  3 jellies
  6 orc priests
  2 orc wizards (D:4)
  Natasha (twice) (D:2)
  An iguana (D:5)
  3 gnolls
  5 adders
  2 worms
  5 dart slugs
  17 orcs
  9 endoplasms
  2 giant cockroaches
  6 hobgoblins
  2 jackals (D:1)
  A quokka (D:3)
  7 ball pythons
  6 bats
  5 frilled lizards
  7 goblins
  12 kobolds
  3 rats
120 creatures vanquished.

Vanquished Creatures (others)
  A sleepcap (D:5)
1 creature vanquished.

Grand Total: 121 creatures vanquished

Notes
Turn   | Place    | Note
-------+----------+-------------------------------------------
     0 | D:1      | Patattack the Troll Wanderer began the quest for the Orb.
     0 | D:1      | Patattack set off with the following items: a +3 short
                  | sword, a +0 sling, a scroll of teleportation, a +0 robe.
     0 | D:1      | Reached XP level 1. HP: 19/19 MP: 0/0
    69 | D:1      | Reached XP level 2. HP: 16/27 MP: 1/1
   120 | D:1      | Found a faded altar of an unknown god.
   194 | D:1      | Prayed at the altar of an unknown god.
   194 | D:1      | Became a worshipper of Sif Muna the Loreminder
   194 | D:1      | Reached * piety under Sif Muna
   507 | D:1      | Reached XP level 3. HP: 33/33 MP: 2/2
  1053 | D:2      | Gained mutation: You sometimes lose your temper in combat.
                  | [potion of mutation]
  1053 | D:2      | Gained mutation: You heal very quickly. [potion of
                  | mutation]
  1520 | D:2      | Noticed Sigmund
  1685 | D:2      | Found a runed translucent door.
  1686 | D:2      | Noticed Crazy Yiuf
  1694 | D:2      | Killed Crazy Yiuf
  1695 | D:2      | Reached XP level 4. HP: 37/41 MP: 3/3
  1816 | D:2      | Killed Sigmund
  1817 | D:2      | Reached skill level 1 in Polearms
  1817 | D:2      | Reached XP level 5. HP: 21/49 MP: 4/4
  1957 | D:2      | Noticed Natasha
  1963 | D:2      | Killed Natasha
  2201 | D:2      | Noticed Natasha
  2208 | D:2      | Killed Natasha
  2209 | D:2      | Reached skill level 1 in Staves
  2209 | D:2      | Reached XP level 6. HP: 45/57 MP: 5/5
  2410 | D:3      | Found a transporter.
  2414 | D:3      | Found a radiant altar of Vehumet.
  2420 | D:3      | Found a transporter.
  2488 | D:3      | Reached skill level 1 in Stealth
  2582 | D:3      | Reached ** piety under Sif Muna
  3364 | D:4      | Reached XP level 7. HP: 66/66 MP: 6/6
  3882 | D:4      | Reached *** piety under Sif Muna
  4014 | D:5      | Entered Level 5 of the Dungeon
  4033 | D:5      | Noticed Blork the orc
  4041 | D:5      | Killed Blork the orc
  4042 | D:5      | Reached XP level 8. HP: 54/75 MP: 7/7
  4043 | D:5      | Found a blossoming altar of Fedhas.
  4089 | D:5      | Fell from the grace of Sif Muna
  4089 | D:5      | Became a worshipper of Fedhas Madash
  4220 | D:5      | Reached skill level 1 in Axes
  4344 | D:5      | Found a shimmering altar of Xom.
  4624 | D:6      | Killed from afar by a steam dragon

Illustrated notes

Levels and vault maps discovered:
D:1:      lightli_arrival_statuegarden, layout_loops_cross,
          hellmonk_ecumenical_altar_heavens_door
D:2:      layout_basic, nicolae_eternal_life, minmay_misc_feat_room,
          uniq_natasha, uniq_crazy_yiuf_cottage, uniq_sigmund
D:3:      layout_loops_ring, gammafunk_temple_overflow_arena,
          lexackson_kobold_supper
D:4:      layout_rooms, dk_noncrumbling_4, kennysheep_generic_room_8
D:5:      minmay_diamond_boxcup, layout_rooms,
          mainiacjoe_overflow_concentric_impassable,
          nicolae_overflow_crystal_walls, st_stairs_7, minmay_misc_feat_plants,
          uniq_blork_the_orc, uniq_prince_ribbit1
D:6:      layout_cave_pools, minmay_temple_entry_offerings,
          serial_co_window_serial, co_window_corner_a, co_window_corner_a,
          co_window_of_opportunity_a, co_window_of_opportunity_a,
          co_window_paths_b, co_window_of_opportunity_b, co_window_corner_cb,
          co_window_unsneaky_path_c, co_window_of_opportunity_b,
          co_window_paths_c, co_window_paths_d, co_window_4corner_a,
          glass_columns_b, portal_sewer_entry_c

Skill      XL: |  1  2  3  4  5  6  7  8 |
---------------+-------------------------+-----
Fighting       | 2 3 4 |  4.2
Polearms       | 1 2 |  2.1
Dodging        | 2 3 |  3.9
Staves         | 1 2 3 4 |  4.5
Stealth        | 1 |  1.2
Axes           | 2 |  2.2
Short Blades   | |  4.8
Ranged Weapons | |  1.7

Action                     |  1- 3 |  4- 6 |  7- 9 || total
---------------------------+-------+-------+-------++-------
  Melee: Short sword       |    12 |       |       ||    12
         Spear             |   102 |       |       ||   102
         Punch             |     1 |       |       ||     1
         Quarterstaff      |       |   111 |    78 ||   189
         Battleaxe         |       |       |    54 ||    54
   Fire: Sling             |       |    13 |       ||    13
    Use: Scroll            |     3 |       |     3 ||     6
         Potion            |     1 |       |       ||     1
   Stab: Sleeping          |     1 |       |       ||     1
 Armour: Robe              |    46 |    51 |    39 ||   136
  Dodge: Dodged            |    81 |    59 |    83 ||   223
